 Dungeon Crawl Stone Soup version 0.17.0-56-gd8de76c (webtiles) character file.

599 Peloso the Covered (level 7, 0/60 HPs)
             Began as a Minotaur Fighter on Dec 5, 2015.
             Killed from afar by an orc wizard (5 damage)
             ... with a magic dart
             ... on level 4 of the Dungeon.
             The game lasted 00:08:42 (2652 turns).

Peloso the Covered (Minotaur Fighter)               Turns: 2652, Time: 00:08:42

Health: 0/60       AC:  8    Str: 21    XL:     7   Next: 17%
Magic:  6/6        EV:  9    Int:  5    God:
Gold:   209        SH: 11    Dex: 11    Spells: 0 memorised, 6 levels left

rFire  . . .     SeeInvis +     a - +0 long sword
rCold  . . .     Clarity  .     b - +0 scale mail
rNeg   . . .     SustAt   .     c - +1 shield
rPois  .         Gourm    .     (helmet restricted)
rElec  .         Spirit   .     (no cloak)
rCorr  .         Warding  .     h - +0 pair of gloves
rMut   .         Stasis   .     (no boots)
MR     .....                    (no amulet)
Stlth  ..........               (no ring)
                                w - ring of see invisible

@: not resistant to hostile enchantments, extremely unstealthy
A: retaliatory headbutt, horns 2
a: no special abilities


You were on level 4 of the Dungeon.
You were not hungry.

You visited 1 branch of the dungeon, and saw 4 of its levels.

You collected 209 gold pieces.

Inventory:

Hand Weapons
 a - a +0 long sword (weapon)
Armour
 b - a +0 scale mail (worn)
 c - a +1 shield (worn)
 h - a +0 pair of gloves (worn)
Jewellery
 w - a ring of see invisible (left hand)
Wands
 y - a wand of disintegration (8)
Scrolls
 d - 5 scrolls of identify
 f - 2 scrolls of blinking
 l - a scroll of enchant armour
 m - 2 scrolls of remove curse
 p - a scroll of fog
 v - a scroll of teleportation
Potions
 j - 2 potions of flight
 k - 3 potions of curing {unknown}
 n - a potion of lignification {unknown}
 q - a potion of poison {unknown}
 r - 2 potions of mutation {unknown}
 t - a potion of degeneration {unknown}
 u - a potion of brilliance {unknown}
Comestibles
 e - 4 bread rations
 g - 2 meat rations
 i - 2 slices of pizza
 o - a royal jelly
 s - a beef jerky
 x - a chunk of flesh


   Skills:
 + Level 4.8 Fighting
 + Level 5.0 Long Blades
 + Level 5.5 Armour
 + Level 3.6 Dodging
 + Level 0.3 Stealth
 + Level 5.5 Shields


You had 6 spell levels left.
You didn't know any spells.

Dungeon Overview and Level Annotations

Branches:
Dungeon (4/15)
 Temple: D:4-7

Altars:
Fedhas
Qazlal
Yredelemnul


Innate Abilities, Weirdness & Mutations

You reflexively headbutt those who attack you in melee.
You have a pair of horns on your head.


Message History

The orc priest is heavily wounded.
You block the orc's attack. The orc hits you but does no damage.
The orc priest casts a cantrip, but nothing happens.
Unknown command.
You hit the orc priest. Your headbutt misses the orc priest.
The orc priest is almost dead.
The orc barely misses you. You furiously retaliate!
You headbutt the orc!
You kill the orc!
The orc completely misses you. You furiously retaliate!
You headbutt the orc, but do no damage.
Unknown command.
You closely miss the orc wizard. Your headbutt misses the orc wizard.
The orc wizard hits you but does no damage.
The orc priest hits you from afar with a trident of freezing!
* * * LOW HITPOINT WARNING * * *
The orc priest freezes you.
* * * LOW HITPOINT WARNING * * *
The orc wizard casts a spell at you. The magic dart hits you!
You die...

##...#
.......
##...## .....
##...## .....
#...## .....
##...# .....
#...##
#####...#
#..o#)..####
#..)@oo.....#
#..#####....#
..$. ....#
.... .<..#
### ..... .##


You could see an orc priest, an orc wizard and an orc.

Vanquished Creatures
  Grinder (D:3)
  Sigmund (D:3)
  A hound (D:4)
  An orc priest (D:3)
  A worker ant (D:3)
  Robin (D:3)
  4 adders
  5 oozes (D:1)
  2 worms (D:3)
  3 giant geckos
  6 orcs
  6 bats
  6 giant cockroaches
  10 goblins
  8 hobgoblins
  7 jackals
  7 kobolds
  2 quokkas
  A ball python (D:1)
  4 giant newts
  7 rats
  A spectral orc (D:2)
85 creatures vanquished.

Notes
Turn   | Place    | Note
--------------------------------------------------------------
     0 | D:1      | Peloso the Minotaur Fighter began the quest for the Orb.
     0 | D:1      | Reached XP level 1. HP: 19/19 MP: 0/0
     3 | D:1      | Found a runed door.
    63 | D:1      | Reached skill level 4 in Shields
    63 | D:1      | Reached XP level 2. HP: 20/27 MP: 1/1
    95 | D:1      | Reached XP level 3. HP: 26/33 MP: 2/2
  1006 | D:2      | Noticed an air elemental
  1007 | D:2      | Found a stormy altar of Qazlal.
  1009 | D:2      | Noticed a water elemental
  1010 | D:2      | Noticed an earth elemental
  1010 | D:2      | Noticed a fire elemental
  1089 | D:2      | Reached XP level 4. HP: 40/40 MP: 3/3
  1505 | D:2      | Found a basalt altar of Yredelemnul.
  1612 | D:3      | Noticed Sigmund
  1617 | D:3      | Reached skill level 1 in Dodging
  1625 | D:3      | Killed Sigmund
  1625 | D:3      | Reached skill level 5 in Armour
  1625 | D:3      | Reached skill level 5 in Shields
  1625 | D:3      | Reached XP level 5. HP: 34/47 MP: 4/4
  1625 | D:3      | Reached XP level 6. HP: 38/53 MP: 5/5
  1660 | D:3      | Found a blossoming altar of Fedhas.
  1681 | D:3      | Noticed Robin
  1689 | D:3      | Killed Robin
  2339 | D:3      | Noticed Grinder
  2354 | D:3      | Killed Grinder
  2354 | D:3      | Reached XP level 7. HP: 39/60 MP: 6/6
  2556 | D:4      | Reached skill level 5 in Long Blades
  2652 | D:4      | Killed from afar by an orc wizard

Action                   |  1- 3 |  4- 6 |  7- 9 || total
-------------------------+-------+-------+-------++-------
Melee: Long sword        |    84 |   140 |    14 ||   238
  Use: Scroll            |       |     7 |       ||     7
       Potion            |       |     1 |       ||     1
  Eat: Chunk             |     1 |     4 |     1 ||     6
